 Dungeon Crawl Stone Soup version 0.20-a0-449-g96be121 (webtiles) character file.

140 Amnesiac the Vexing (level 5, 0/35 HPs)
             Began as a Mummy Enchanter on Jan 7, 2017.
             Slain by a phantom (8 damage)
             ... on level 4 of the Dungeon.
             The game lasted 00:03:27 (2183 turns).

Amnesiac the Vexing (Mummy Enchanter)               Turns: 2183, Time: 00:03:28

Health: 0/35       AC:  5    Str: 12    XL:     5   Next: 2%
Magic:  3/11       EV: 10    Int: 14    God:
Gold:   33         SH:  0    Dex: 13    Spells: 5/12 levels left

rFire  x . .     SeeInvis .     i - +0 long sword
rCold  + . .     Gourm    .     d - +0 ring mail
rNeg   + + +     Faith    .     (no shield)
rPois  ∞         Spirit   .     (no helmet)
rElec  .         Reflect  .     (no cloak)
rCorr  .         Harm     .     (no gloves)
MR     .....                    (no boots)
Stlth  +.........               (no amulet)
                                (no ring)
                                (no ring)

@: no status effects
A: no food or potions, fire vulnerability, cold resistance 1, negative energy
resistance 3, torment resistance, unbreathing
a: no special abilities


You were on level 4 of the Dungeon.
You were not hungry.

You visited 1 branch of the dungeon, and saw 4 of its levels.

You collected 33 gold pieces.

Inventory:

Hand Weapons
 a - a +1 dagger
 i - a +0 long sword (weapon)
Armour
 b - a +0 robe
 d - a +0 ring mail (worn)
Scrolls
 e - a scroll of enchant armour {unknown}
 g - a scroll of blinking {unknown}
 h - a scroll of remove curse {unknown}
 j - a scroll of recharging
 k - a scroll of fear
Books
 c - a book of Maledictions

   Spells                             Type                      Level
   a - Corona                         Hexes                        1
   b - Ensorcelled Hibernation        Hexes/Ice                    2
   c - Confuse                        Hexes                        3
   d - Tukima's Dance                 Hexes                        3
   e - Dazzling Spray                 Conjuration/Hexes            3


   Skills:
 - Level 0.7 Short Blades
 - Level 1.5 Dodging
 - Level 2.4 Stealth
 + Level 4.3 Spellcasting
 * Level 4.5 Hexes


You had 5 spell levels left.
You knew the following spells:

 Your Spells              Type           Power        Failure   Level  Hunger
e - Confuse               Hex            ###.....     21%         3    N/A
f - Corona                Hex            ###....      10%         1    N/A
w - Tukima's Dance        Hex            ###.....     21%         3    N/A

Dungeon Overview and Level Annotations

Branches:
Dungeon (4/15)
 Temple: D:4-7

Altars:
Nemelex Xobeh
The Shining One


Innate Abilities, Weirdness & Mutations

You do not eat or drink.
Your flesh is vulnerable to fire.
You are immune to poison.
Your flesh is cold resistant. (rC+)
You are immune to negative energy. (rN+++)
You are immune to unholy pain and torment.
You can survive without breathing.


Message History

You hit the phantom but do no damage.
The phantom is moderately damaged.
The phantom blinks!
You barely miss the phantom.
The phantom is moderately damaged.
The phantom hits you!
The phantom blinks!
The phantom blinks!
You barely miss the phantom.
The phantom is moderately damaged.
The phantom barely misses you.
Your magical contamination has completely faded away.
You hit the phantom.
The phantom is moderately damaged.
The phantom misses you.
You closely miss the phantom.
The phantom is moderately damaged.
The phantom hits you!
* * * LOW HITPOINT WARNING * * *
The phantom hits you!
You die...

...... ...... ......
##+#...... #.......#
#.......# #.......#
#.......# .
##.@.....#
..##+###..W..####
.......#.....#
.......#.....#.
.....
.......'.....#......
.......#.....#.....
..######.....#.##.#
#.....#####.##.###
#...).'..........#


You could see a phantom.

Vanquished Creatures
  3 orc wizards
  3 adders
  An ooze (D:4)
  A dart slug (D:1)
  A leopard gecko (D:3)
  4 orcs
  A goblin (D:3)
  2 hobgoblins
  A kobold (D:3)
  A bat (D:1)
  A quokka skeleton (D:4)
  A rat (D:2)
20 creatures vanquished.

Notes
Turn   | Place    | Note
-------+----------+-------------------------------------------
     0 | D:1      | Amnesiac the Mummy Enchanter began the quest for the Orb.
     0 | D:1      | Reached XP level 1. HP: 13/13 MP: 4/4
   421 | D:3      | Found a sparkling altar of Nemelex Xobeh.
   440 | D:3      | Reached XP level 2. HP: 5/19 MP: 3/6
   715 | D:3      | Found a glowing golden altar of the Shining One.
   789 | D:3      | Reached XP level 3. HP: 24/24 MP: 7/7
   971 | D:3      | Learned a level 3 spell: Confuse
   975 | D:3      | Learned a level 3 spell: Tukima's Dance
  1382 | D:3      | Reached XP level 4. HP: 15/30 MP: 2/9
  2030 | D:4      | Reached XP level 5. HP: 22/35 MP: 3/11
  2153 | D:4      | Noticed a phantom
  2183 | D:4      | Slain by a phantom

Vault maps used:
D:1:      dpeg_arrival_water_temple_mockup, minmay_tromino_v2
D:2:      uniq_crazy_yiuf_cottage
D:3:      nemelex_xobeh_ov_fountains_minmay, tso_metal_star, lemuel_round_altar,
          first_bread, uniq_terence, uniq_iyjb
D:4:      regret_index_temple_of_mockery, kennysheep_little_box,
          makhleb_heckhound_becter, uniq_natasha

Skill      XL: |  1  2  3  4 |
---------------+-------------+-----
Spellcasting   | 3 4 |  4.3
Hexes          | 3 4 |  4.5
Short Blades   | |  0.7
Dodging        | |  1.5
Stealth        | |  2.4

Action                   |  1- 3 |  4- 6 || total
-------------------------+-------+-------++-------
Melee: Dagger            |    11 |       ||    11
       Long sword        |    44 |    45 ||    89
 Cast: Corona            |    11 |       ||    11
       Confuse           |     3 |    11 ||    14
  Use: Scroll            |       |     2 ||     2
 Stab: Sleeping          |     3 |       ||     3
Armor: Ring mail         |    33 |     7 ||    40
Dodge: Dodged            |    30 |    23 ||    53
       Rpst.: Long sword |     9 |     5 ||    14
